Map: Amphion LE

Players

ARUCARD - Winner!

  • Race: Protoss Protoss
  • League: Silver
  • Spawn Location: 11:00

dumobrosky

  • Race: Terran Terran
  • League: Silver
  • Spawn Location: 7:00

VOD

Have the link to the VOD?

Description

TvP, felt like I had an advantage in early game & mid-game, somehow completely blew it late game.

Time

  • Played on: Sept. 22, 2024, 4:33 p.m.
  • Length: 40:36
Show
View Real Time Build Order
Export as new Build Order

ARUCARD Protoss - Winner!

Build Orders: Dark Templar Rush 

Get SALT Encoding   

  12  0:11  Pylon  
  12  0:15  Probe  
  13  0:31  Gateway  
  13  0:37  Assimilator  
  13  0:45  Probe (Chrono Boost)  
  14  0:56  Probe (Chrono Boost)  
  15  0:57  Pylon  
  15  1:02  Probe  
  16  1:14  Probe  
  17  1:23  Cybernetics Core  
  17  1:34  Forge  
  17  1:57  Pylon  
  17  2:01  Assimilator  
  17  2:04  Probe  
  18  2:16  Probe  
  18  2:20  Twilight Council  
  19  2:33  Probe (Chrono Boost)  
  21  2:44  Probe (Chrono Boost), Gateway  
  21  2:49  Probe (Chrono Boost)  
  22  3:05  Dark Shrine  
  22  3:22  Pylon  
  22  3:27  Probe  
  23  3:34  Gateway  
  23  3:39  Probe  
  24  3:44  Gateway  
  24  3:52  Photon Cannon  
  24  3:55  Photon Cannon  
  24  4:07  Photon Cannon  
  24  4:18  Photon Cannon  
  24  4:33  Dark Templar x3  
  24  4:35  Dark Templar  
  32  5:17  Zealot x4  
  40  5:44  Nexus  
  40  5:47  Assimilator  
  40  5:50  Assimilator  
  40  5:58  Charge  
  40  6:04  Zealot x2  
  44  6:52  Probe  
  45  7:04  Probe  
  38  7:16  Probe  
  38  7:18  Probe  
  40  7:23  Zealot x3  
  40  7:24  Zealot  
  40  7:28  Probe  
  49  7:30  Probe  
  50  7:42  Probe (Chrono Boost)  
  51  7:47  Stargate, Probe (Chrono Boost)  
  52  7:55  Probe (Chrono Boost)  
  52  7:57  Probe (Chrono Boost)  
  52  7:58  Zealot x4  
  62  8:21  Probe x2, Pylon  
  56  8:33  Probe x2  
  46  8:45  Probe x2  
  44  9:07  Void Ray  
  44  9:08  Pylon  
  43  9:14  Pylon  
  43  9:33  Stargate  
  43  9:43  Stargate  
  47  9:48  Pylon  
  47  9:50  Void Ray  
  47  9:59  Shield Battery  
  47  10:01  Photon Cannon  
  47  10:03  Photon Cannon  
  47  10:07  Probe (Chrono Boost)  
  47  10:08  Probe (Chrono Boost)  
  49  10:18  Probe x2 (Chrono Boost)  
  55  10:23  Probe x2 (Chrono Boost)  
  55  10:27  Void Ray  
  65  10:33  Probe x2, Void Ray  
  65  10:34  Void Ray  
  67  10:37  Photon Cannon  
  67  10:42  Photon Cannon  
  67  10:45  Probe  
  67  10:46  Probe  
  69  11:04  Photon Cannon  
  73  11:10  Void Ray  
  73  11:11  Photon Cannon  
  77  11:17  Void Ray  
  77  11:48  Fleet Beacon  
  77  12:00  Nexus  
  77  12:07  Void Ray  
  77  12:08  Photon Cannon, Void Ray x2  
  89  12:15  Assimilator  
  89  12:20  Assimilator  
  89  12:39  Pylon  
  89  12:50  Pylon, Void Ray  
  93  12:57  Probe (Chrono Boost)  
  93  12:58  Probe (Chrono Boost)  
  99  13:03  Void Ray  
  99  13:09  Probe x2 (Chrono Boost)  
  99  13:10  Photon Cannon  
  105  13:14  Probe x2 (Chrono Boost), Void Ray  
  107  13:23  Probe x2  
  109  13:34  Tempest  
  109  13:35  Probe  
  109  13:36  Probe  
  109  13:40  Tempest  
  121  13:45  Probe  
  121  13:47  Probe  
  121  13:48  Probe  
  124  13:58  Probe  
  125  14:03  Photon Cannon  
  125  14:14  Flux Vanes  
  125  14:49  Pylon  
  125  14:51  Pylon  
  125  14:58  Pylon  
  125  15:02  Stargate  
  125  15:07  Probe x3, Tempest  
  125  15:09  Tempest  
  138  15:16  Tempest  
  138  15:17  Stargate  
  138  15:19  Probe x2  
  145  15:32  Stargate  
  145  15:39  Pylon  
  145  15:42  Pylon  
  100  16:51  Unknown  
  100  17:03  Tempest x5  
  100  17:04  Tempest  
  138  17:52  Void Ray x5  
  102  18:33  Void Ray  
  114  18:35  Void Ray  
  114  18:36  Void Ray  
  114  18:57  Nexus  
  114  19:05  Assimilator  
  114  19:07  Pylon  
  114  19:12  Pylon  
  114  19:18  Assimilator  
  114  19:35  Photon Cannon  
  114  19:36  Photon Cannon  
  114  19:41  Photon Cannon  
  114  19:43  Photon Cannon  
  118  19:58  Void Ray  
  118  20:46  Nexus  
  118  20:50  Assimilator  
  118  20:54  Assimilator  
  126  21:04  Tempest  
  126  21:07  Void Ray  
  126  21:08  Void Ray  
  135  21:11  Void Ray  
  135  21:17  Void Ray  
  139  21:30  Probe x3  
  142  21:42  Probe x2  
  142  21:43  Probe  
  145  21:55  Probe x3 (Chrono Boost)  
  148  22:02  Probe (Chrono Boost)  
  151  22:12  Probe (Chrono Boost)  
  151  22:13  Probe x2 (Chrono Boost)  
  152  22:18  Probe (Chrono Boost)  
  145  22:29  Probe  
  115  22:41  Probe  
  126  23:28  Void Ray x2  
  126  23:29  Void Ray x4  
  126  24:05  Tempest x3  
  126  24:06  Tempest  
  146  24:21  Nexus  
  146  24:25  Assimilator  
  146  24:27  Assimilator  
  158  25:02  Void Ray  
  158  25:03  Void Ray x2  
  158  25:06  Void Ray  
  170  25:07  Void Ray  
  170  25:09  Void Ray  
  170  25:20  Stargate  
  170  25:25  Stargate  
  170  25:29  Pylon  
  170  25:33  Photon Cannon  
  170  25:35  Photon Cannon  
  170  25:43  Photon Cannon  
  170  25:48  Photon Cannon  
  170  25:53  Photon Cannon  
  170  25:58  Photon Cannon  
  170  26:36  Protoss Shields Level 1  
  170  26:55  Protoss Air Weapons Level 1  
  170  27:00  Photon Cannon  
  170  27:21  Photon Cannon  
  170  27:22  Photon Cannon  
  170  27:28  Photon Cannon  
  170  27:34  Photon Cannon  
  170  27:41  Photon Cannon  
  170  27:43  Photon Cannon  
  170  27:48  Photon Cannon  
  170  27:53  Photon Cannon  
  170  27:58  Photon Cannon x2  
  170  28:03  Photon Cannon  
  170  28:17  Robotics Facility  
  170  28:27  Tempest  
  174  28:28  Tempest  
  174  28:29  Tempest  
  174  28:32  Void Ray  
  174  28:33  Void Ray  
  197  28:35  Void Ray  
  197  28:37  Photon Cannon  
  197  28:38  Protoss Ground Armor Level 1  
  197  28:40  Photon Cannon  
  197  28:46  Photon Cannon  
  197  28:50  Photon Cannon  
  197  28:54  Photon Cannon  
  197  29:01  Photon Cannon  
  197  29:04  Protoss Air Armor Level 1  
  197  29:31  Observer  
  198  29:41  Photon Cannon  
  198  29:45  Photon Cannon  
  198  29:49  Observer  
  199  30:07  Observer  
  200  30:39  Protoss Ground Weapons Level 1  
  189  31:15  Protoss Air Weapons Level 2  
  136  32:41  Void Ray x2  
  136  32:42  Void Ray x6  
  159  33:24  Void Ray x2  
  159  33:25  Void Ray x6  
  186  34:39  Void Ray x4  
  186  34:40  Void Ray x2  
  186  34:41  Void Ray  
  185  35:53  Void Ray  
  132  38:28  Tempest  
  132  38:29  Tempest x5  
  132  38:30  Tempest x2  
Show
View Real Time Build Order
Export as new Build Order

dumobrosky Terran 

Build Orders: Cyclone Opening 

Get SALT Encoding   

  12  0:11  Supply Depot  
  12  0:15  SCV  
  13  0:27  SCV  
  14  0:39  Barracks  
  14  0:49  Supply Depot  
  14  0:55  Supply Depot  
  14  1:02  Refinery  
  14  1:06  SCV  
  15  1:18  SCV, Refinery  
  16  1:33  Orbital Command  
  16  1:37  Barracks Tech Lab  
  16  2:00  Factory, Marine  
  17  2:18  Stimpack  
  17  2:23  SCV  
  17  2:26  Marine  
  19  2:35  SCV  
  20  2:44  Cyclone  
  22  2:47  SCV  
  23  2:57  Starport  
  23  2:59  SCV  
  24  3:07  Marine  
  24  3:11  SCV  
  26  3:18  Cyclone  
  28  3:25  Marine  
  29  3:33  Medivac  
  31  3:43  Marine  
  31  3:45  Engineering Bay  
  32  3:51  Factory Reactor  
  32  4:01  Marine  
  33  4:08  Factory  
  33  4:19  Marine  
  34  4:30  Cyclone  
  36  4:33  Starport Tech Lab  
  36  4:35  Command Center  
  36  4:36  Marine  
  37  4:52  Terran Infantry Weapons Level 1  
  37  4:54  Marine  
  38  5:14  Command Center  
  27  5:33  Missile Turret  
  27  5:35  Missile Turret  
  27  5:36  Raven  
  29  5:44  Cyclone  
  29  5:48  Factory Tech Lab  
  31  6:11  Raven  
  33  6:15  Marauder  
  35  6:28  Refinery  
  35  6:31  SCV  
  36  6:36  Marauder  
  38  6:41  Supply Depot  
  38  6:43  SCV, Supply Depot  
  39  6:48  Siege Tank  
  42  6:56  SCV, Cyclone  
  42  6:57  Marauder  
  46  7:08  SCV  
  47  7:20  SCV  
  48  7:31  Missile Turret  
  48  7:32  SCV  
  49  7:54  Raven  
  49  7:58  Command Center  
  51  8:03  Missile Turret  
  32  9:10  Cyclone  
  32  9:14  Cyclone  
  32  9:16  Raven  
  38  9:27  Planetary Fortress  
  38  9:35  Terran Infantry Armor Level 1  
  38  9:43  Cyclone  
  40  9:48  Barracks  
  40  9:51  Marauder  
  42  10:03  SCV  
  43  10:10  Banshee  
  46  10:15  SCV, Cyclone  
  46  10:17  Marauder  
  51  10:22  Cyclone  
  51  10:27  SCV  
  54  10:39  SCV  
  55  10:46  Barracks Reactor  
  55  10:47  Cyclone  
  57  10:51  SCV  
  58  10:59  Command Center  
  58  11:01  Missile Turret  
  58  11:03  Raven  
  60  11:19  Cyclone  
  60  11:22  Marauder  
  60  11:25  Missile Turret  
  64  11:37  Banshee  
  64  11:39  Armory  
  67  11:51  Siege Tank, Planetary Fortress  
  68  12:20  Banshee, Marine x2  
  73  12:31  Supply Depot  
  73  12:32  Planetary Fortress  
  73  12:34  Supply Depot  
  73  12:38  Marine x2  
  75  12:56  Marine x2  
  77  13:04  Terran Vehicle Weapons Level 1  
  77  13:07  Combat Shield  
  77  13:12  Medivac  
  79  13:14  Marine x2  
  81  13:28  Starport  
  81  13:31  SCV  
  82  13:42  Medivac  
  82  13:43  SCV  
  85  13:55  SCV  
  86  13:56  Command Center  
  86  14:03  Marine x2  
  86  14:07  SCV  
  91  14:10  Marauder  
  91  14:12  Medivac  
  91  14:16  Thor  
  99  14:19  SCV  
  99  14:20  Marine  
  99  14:21  Marine  
  102  14:25  Concussive Shells  
  104  14:31  Marauder  
  104  14:36  Starport Tech Lab  
  104  14:38  Marine x2  
  104  14:41  Fusion Core  
  104  14:42  Medivac  
  108  14:47  Refinery  
  108  14:50  Refinery  
  108  14:51  Missile Turret  
  110  14:53  Marauder  
  110  15:11  Medivac  
  114  15:14  Marauder  
  114  15:17  SCV  
  114  15:20  Planetary Fortress  
  115  15:29  SCV  
  118  15:35  Marauder  
  118  15:41  Medivac, SCV  
  121  16:12  Marine x2  
  121  16:15  Terran Ship Weapons Level 1  
  121  16:17  Terran Infantry Weapons Level 2  
  107  16:29  Marine  
  107  16:30  Marine  
  87  16:37  Battlecruiser  
  87  16:39  Viking  
  93  16:46  Cyclone  
  95  16:47  Marine x2  
  96  16:58  Missile Turret  
  96  16:59  Missile Turret  
  96  17:05  Marine x2  
  98  17:08  Viking  
  95  17:23  Marine x2  
  93  17:38  Viking  
  73  18:08  Terran Vehicle Weapons Level 2, Viking  
  70  18:31  Raven  
  72  18:38  Thor, Viking  
  80  19:01  Cyclone x2  
  80  19:02  Marine x2  
  86  19:09  Battlecruiser  
  92  19:12  Command Center  
  92  19:14  Command Center  
  92  19:16  Command Center  
  92  19:20  Marine x2  
  94  19:30  Thor  
  100  19:37  Marine  
  101  19:39  Supply Depot  
  101  19:46  Command Center  
  101  20:01  Marine x2  
  103  20:12  SCV  
  104  20:22  Supply Depot  
  104  20:24  SCV  
  104  20:25  Supply Depot  
  105  20:31  Orbital Command  
  105  20:35  Planetary Fortress  
  105  20:46  Refinery  
  105  20:49  Battlecruiser  
  111  21:12  Planetary Fortress  
  111  21:22  SCV  
  111  21:23  Refinery  
  112  21:34  SCV  
  113  21:47  SCV  
  114  21:50  Supply Depot  
  114  21:57  Refinery  
  114  21:59  SCV  
  115  22:11  SCV  
  47  23:02  Thor  
  47  23:04  Marine  
  52  23:06  Marine x2  
  52  23:09  Terran Infantry Armor Level 2  
  54  23:13  Terran Vehicle And Ship Armor Level 1  
  54  23:22  Marine  
  54  23:24  Marine x2  
  63  23:34  Battlecruiser  
  63  23:39  Cyclone  
  63  23:40  Marine, Cyclone  
  68  23:42  Marine x2  
  68  23:44  Thor  
  68  23:45  SCV  
  77  23:51  SCV  
  77  23:52  Refinery  
  78  23:57  SCV  
  78  23:58  Battlecruiser, Marine  
  78  24:00  Marine x2  
  88  24:03  SCV  
  88  24:04  Refinery  
  88  24:05  SCV  
  88  24:09  SCV  
  91  24:15  SCV  
  91  24:16  Marine  
  93  24:17  SCV  
  93  24:21  SCV  
  93  24:23  Command Center  
  95  24:27  SCV, Command Center  
  95  24:29  SCV  
  97  24:38  Starport  
  97  24:43  Thor  
  97  24:45  Marine x2  
  105  24:57  Refinery  
  105  25:02  Battlecruiser, Marine  
  105  25:03  Marine  
  113  25:16  Battlecruiser  
  113  25:20  Marine x2  
  121  25:30  Starport Tech Lab  
  121  25:34  Thor  
  127  25:36  Cyclone  
  127  25:38  Marauder, Marine x2  
  127  25:41  Caduceus Reactor  
  127  25:42  Missile Turret  
  133  25:44  Terran Ship Weapons Level 2  
  133  25:46  Terran Infantry Armor Level 3  
  133  25:56  Marine x2  
  135  25:59  Marauder  
  135  26:00  SCV  
  138  26:11  Command Center  
  138  26:12  SCV  
  138  26:14  Marine x2  
  138  26:16  SCV  
  138  26:17  Command Center  
  142  26:22  SCV  
  142  26:24  SCV  
  144  26:28  SCV  
  144  26:30  Planetary Fortress  
  145  26:34  SCV  
  146  26:46  SCV  
  147  26:55  Refinery  
  147  27:08  Battlecruiser  
  153  27:10  Battlecruiser, Command Center  
  153  27:15  Command Center  
  159  27:16  Battlecruiser  
  159  27:22  Missile Turret  
  165  27:25  Weapon Refit  
  165  27:34  Missile Turret  
  165  27:49  Missile Turret  
  165  27:54  Planetary Fortress  
  165  27:58  Missile Turret  
  165  27:59  Terran Vehicle And Ship Armor Level 2  
  165  28:04  Command Center  
  165  28:06  SCV  
  165  28:10  Missile Turret  
  166  28:18  Missile Turret  
  166  28:19  SCV  
  167  28:23  Terran Infantry Weapons Level 3  
  167  28:26  Planetary Fortress, Missile Turret  
  167  28:28  SCV  
  167  28:30  Missile Turret  
  167  28:31  SCV  
  168  28:38  Missile Turret  
  168  28:40  SCV  
  169  28:50  Missile Turret  
  169  28:51  Battlecruiser  
  169  28:52  SCV  
  169  28:53  Battlecruiser  
  182  28:57  Missile Turret  
  182  29:05  SCV  
  183  29:26  Planetary Fortress  
  183  29:31  Missile Turret  
  183  29:39  Command Center  
  183  29:47  Planetary Fortress  
  183  29:53  Missile Turret, Command Center  
  183  30:00  Missile Turret  
  183  30:06  Battlecruiser  
  189  30:09  Missile Turret  
  189  30:12  Missile Turret  
  189  30:16  Terran Ship Weapons Level 3  
  189  30:23  Missile Turret  
  187  30:32  Missile Turret  
  187  30:33  Missile Turret  
  185  30:48  Missile Turret  
  155  30:53  Missile Turret  
  155  30:54  Missile Turret  
  123  30:57  Battlecruiser  
  123  30:58  Battlecruiser  
  123  31:00  Hi-Sec Auto Tracking  
  123  31:02  Thor  
  123  31:03  Marine x2  
  140  31:09  Cyclone  
  142  31:13  Missile Turret  
  142  31:21  Marine x2  
  99  31:34  Missile Turret  
  99  31:39  Marine x2  
  88  31:45  Battlecruiser  
  93  31:56  Marine  
  93  31:57  Neosteel Armor, Marine  
  95  32:02  Battlecruiser  
  95  32:03  Battlecruiser  
  95  32:06  Starport  
  95  32:07  Starport  
  107  32:14  Marine x2  
  101  32:32  Missile Turret, Marine x2  
  102  32:46  SCV  
  102  32:47  Missile Turret  
  102  32:49  SCV  
  104  32:58  SCV  
  79  33:10  SCV  
  79  33:11  Viking  
  76  33:13  Viking  
  66  33:22  SCV  
  66  33:25  Barracks  
  62  33:27  Factory  
  62  33:30  Starport  
  55  33:36  Starport  
  55  33:39  Marine  
  56  33:41  Viking  
  56  33:43  Viking  
  54  34:11  Viking  
  54  34:13  Engineering Bay, Viking  
  54  34:15  Marine  
  59  34:20  Factory Reactor  
  59  34:24  Starport Reactor  
  55  34:32  Marine  
  55  34:33  Starport Reactor  
  55  34:35  Starport  
  56  34:40  Orbital Command  
  56  34:49  Starport  
  56  34:50  Marine  
  53  34:56  Planetary Fortress  
  53  35:03  Viking x2  
  57  35:08  Marine  
  57  35:10  Viking x2  
  62  35:26  Marine  
  63  35:33  Viking x2  
  60  35:40  Viking x2  
  66  35:44  Marine  
  66  35:47  Starport Reactor  
  64  35:55  Cyclone x2  
  68  36:03  Viking x2  
  70  36:07  Missile Turret  
  70  36:09  Viking  
  70  36:10  Viking  
  64  36:27  Cyclone  
  66  36:33  Viking x2  
  66  36:35  Viking  
  66  36:39  Viking  
  73  36:40  Viking  
  75  37:03  Viking x2  
  75  37:07  Cyclone  
  75  37:08  Cyclone  
  83  37:09  Viking  
  83  37:10  Viking  
  45  37:32  Viking  
  45  37:33  Viking x3  
  43  37:39  Viking  
  43  37:40  Viking  
  45  37:44  SCV  
  45  37:56  SCV  
  46  38:02  Viking  
  46  38:03  Viking x3  
  54  38:09  SCV, Viking  
  49  38:21  SCV x2  
  51  38:29  Viking  
  51  38:33  SCV, Viking  
  51  38:34  SCV  
  57  38:39  Viking  
  59  38:45  SCV  
  34  38:57  SCV  
  34  38:59  Viking x2  
  34  39:00  Viking  
  38  39:09  SCV  
  33  39:21  SCV  
  36  39:31  Refinery  
  36  39:33  SCV  
  27  39:45  SCV  
  21  39:54  Viking x2  
Tags
 
Add a new tag
Caveats
  • Supply blocks, unpowered buildings, or Contaminate may cause inaccurate times.
  • Supply counts are checked every 10 seconds.